 Dungeon Crawl Stone Soup version 0.21.1-1-g345015fe64 (webtiles) character file.

562 Lavandula the Ruffian (level 7, 0/56 HPs)
             Began as a Deep Dwarf Transmuter on May 24, 2018.
             Killed by a distortion unwield (22 damage)
             ... on level 5 of the Dungeon.
             The game lasted 00:13:41 (1777 turns).

Lavandula the Ruffian (Deep Dwarf Transmuter)       Turns: 1777, Time: 00:13:41

Health: 0/56       AC:  7    Str: 16    XL:     7   Next: 10%
Magic:  7/12       EV: 12    Int: 13    God:
Gold:   132        SH:  2    Dex: 13    Spells: 3/13 levels left

rFire    . . .     SeeInvis .     - Unarmed
rCold    . . .     Gourm    .   (no shield)
rNeg     . . .     Faith    .   x - +3 leather armour
rPois    .         Spirit   .   (no helmet)
rElec    .         Reflect  +   n - +0 cloak
rCorr    .         Harm     .   (no gloves)
MR       +....                  (no boots)
Stlth    +.........             j - +2 amulet of reflection (curse)
HPRegen  0.00/turn              y - ring of wizardry
MPRegen  0.13/turn              (no ring)

@: non-regenerating
A: damage resistance, heal wounds, sense surroundings 1, no regeneration
a: Heal Wounds


You were on level 5 of the Dungeon.
You were near starving.

You visited 1 branch of the dungeon, and saw 5 of its levels.

You collected 132 gold pieces.

Inventory:

Hand Weapons
 r - a +0 hunting sling
 A - a +2 quarterstaff of distortion
Missiles
 a - 46 arrows
 e - 34 poisoned needles
 g - 99 stones (quivered)
 B - 8 poisoned javelins
Armour
 b - a +0 robe
 n - a +0 cloak (worn)
 x - a +3 leather armour (worn)
Jewellery
 j - a cursed +2 amulet of reflection (around neck)
 y - a ring of wizardry (left hand)
Wands
 q - a wand of flame (40)
 u - a wand of iceblast (6)
Scrolls
 f - 5 scrolls of identify {unknown}
 h - 3 scrolls of blinking {unknown}
 l - a scroll of remove curse {unknown}
 o - 2 scrolls of teleportation {unknown}
 p - 2 scrolls of amnesia {unknown}
 s - a scroll of enchant armour {unknown}
 t - a scroll of fog {unknown}
 z - a scroll of noise {unknown}
Potions
 i - a potion of flight {unknown}
 k - a potion of lignification {unknown}
 m - a potion of mutation {unknown}
 v - a potion of might {unknown}
 w - 2 potions of curing {unknown}
Books
 c - a book of Changes

   Spells                             Type                      Level
   a - Beastly Appendage              Transmutation                1
   b - Sticks to Snakes               Transmutation                2
   c - Spider Form                    Transmutation/Poison         3
   d - Ice Form                       Ice/Transmutation            4
   e - Blade Hands                    Transmutation                5
Comestibles
 d - 9 rations


   Skills:
 - Level 0.8 Fighting
 - Level 2.2 Dodging
 - Level 5.1 Unarmed Combat
 - Level 3.7 Spellcasting
 + Level 4.1 Transmutations


You had 3 spell levels left.
You knew the following spells:

 Your Spells              Type           Power        Failure   Level  Hunger
a - Beastly Appendage     Tmut           ##....       1%          1    #......
b - Sticks to Snakes      Tmut           ##......     2%          2    ##.....
c - Spider Form           Tmut/Pois      #.........   13%         3    ###....
d - Ice Form              Ice/Tmut       #.......     38%         4    #####..


Dungeon Overview and Level Annotations

Branches:
Dungeon (5/15)
 Temple: D:4-7

Altars:
Kikubaaqudgha
Qazlal
Sif Muna
Xom


Innate Abilities, Weirdness & Mutations

You are resistant to damage.
You can heal yourself by infusing magical energy.
You passively map a small area around you.
You do not regenerate.


Message History

You now have 132 gold pieces (gained 15).
Your adder withers and dies!
Your ball python withers and dies!
Found a scroll labeled VEWNINW WIDOUH.
Found a glowing quarterstaff.
Found 8 poisoned javelins.
d - 9 rations (gained 1)
z - a scroll labeled VEWNINW WIDOUH
Found a scroll labeled DAGAEFR DYGEMI.
You see here a glowing quarterstaff.
A - a glowing quarterstaff You see here 8 poisoned javelins.
B - 8 poisoned javelins Wield which item (- for none, * to show all)? (? for menu, Esc to quit)
Space warps around you for a moment!
A - a +2 quarterstaff of distortion (weapon)
Wield which item (- for none, * to show all)? (? for menu, Esc to quit)
Really unwield
A - a +2 quarterstaff of distortion?
You are caught in a strong localised spatial distortion.
You die...

... ,
..................... #
** *
###..........#....... #
................##... #
**
*######.......###..... #
, * ####............###
.# #..........##...# .#
,....##..........###
...** *
#####........#..## _..
#..@........#...# ##
,#.............#.###.
#.........###..####....)
#?.#...####...## ##..#.
, ..#.... **,. ## ##...
* # ###.. ,, ###... *
##., #....# * * #.
#.##.# ,* ,, #. , #
#.##..


There were no monsters in sight!

Vanquished Creatures
  Sigmund (D:2)
  An ogre (D:4)
  A centaur (D:5)
  A bullfrog (D:5)
  2 hounds (D:4)
  An orc priest (D:4)
  2 orc wizards (D:4)
  An adder (D:3)
  A shadow imp (D:3)
  An ooze (D:2)
  An adder skeleton (D:4)
  A worm (D:2)
  A dart slug (D:1)
  6 orcs
  2 giant cockroaches (D:1)
  8 hobgoblins
  2 jackals (D:4)
  5 kobolds
  A quokka (D:4)
  2 ball pythons
  5 bats
  2 frilled lizards
  6 goblins
  5 rats
59 creatures vanquished.

Vanquished Creatures (collateral kills)
  An adder (D:3)
  A hobgoblin (D:3)
2 creatures vanquished.

Grand Total: 61 creatures vanquished

Notes
Turn   | Place    | Note
-------+----------+-------------------------------------------
     0 | D:1      | Lavandula the Deep Dwarf Transmuter began the quest for the Orb.
     0 | D:1      | Reached XP level 1. HP: 16/16 MP: 3/3
   111 | D:1      | Reached skill level 3 in Unarmed Combat
   111 | D:1      | Reached XP level 2. HP: 21/24 MP: 2/4
   415 | D:2      | Found a stormy altar of Qazlal.
   423 | D:2      | Reached XP level 3. HP: 13/30 MP: 3/5
   575 | D:2      | Learned a level 2 spell: Sticks to Snakes
   608 | D:2      | Noticed Sigmund
   625 | D:2      | Killed Sigmund
   625 | D:2      | Reached XP level 4. HP: 20/37 MP: 1/9
   625 | D:2      | Reached XP level 5. HP: 23/43 MP: 1/10
   630 | D:2      | Learned a level 3 spell: Spider Form
   804 | D:3      | Reached skill level 4 in Unarmed Combat
   874 | D:3      | Learned a level 4 spell: Ice Form
  1071 | D:4      | Found a deep blue altar of Sif Muna.
  1418 | D:4      | Reached XP level 6. HP: 49/50 MP: 5/11
  1428 | D:4      | Reached skill level 5 in Unarmed Combat
  1553 | D:5      | Entered Level 5 of the Dungeon
  1553 | D:5      | Found an ancient bone altar of Kikubaaqudgha.
  1553 | D:5      | Found a shimmering altar of Xom.
  1553 | D:5      | Noticed a sky beast
  1699 | D:5      | Reached XP level 7. HP: 32/56 MP: 2/12
  1777 | D:5      | Killed by a distortion unwield

Skill      XL: |  1  2  3  4  5  6  7 |
---------------+----------------------+-----
Transmutations | 2 3 4 |  4.1
Unarmed Combat | 3 4 5 |  5.1
Spellcasting   | 3 |  3.7
Fighting       | |  0.8
Dodging        | |  2.2

Action                   |  1- 3 |  4- 6 |  7- 9 || total
-------------------------+-------+-------+-------++-------
Melee: Unarmed           |   100 |   109 |     5 ||   214
       Kick              |     9 |     6 |     1 ||    16
       Punch             |     1 |     1 |       ||     2
       Headbutt          |     5 |     6 |       ||    11
 Fire: Hunting sling     |       |     4 |       ||     4
 Cast: Beastly Appendage |    20 |    10 |     1 ||    31
       Sticks to Snakes  |     2 |     4 |     2 ||     8
       Spider Form       |       |    10 |       ||    10
 Abil: Heal Wounds       |     1 |     1 |       ||     2
 Stab: Sleeping          |       |     1 |       ||     1
  Eat: Chunk             |       |     4 |       ||     4
Armor: Robe              |    23 |    11 |       ||    34
       Leather armour    |       |     2 |     1 ||     3
Dodge: Dodged            |    71 |    85 |     2 ||   158
Block: Other             |     3 |     6 |       ||     9
